Cogmind - Beta 15 @@@ ROGUE MODE // 2025.06.27 @ 03:34:31 Player: Mogwok Wargfriend Result: Destroyed by G-47 Trooper with Particle Gun Performance ------------- Evolutions (3) 1500 Regions Visited (6) 1200 Robots Destroyed (181) 905 Value Destroyed (5626) 5626 Prototype IDs (11) 220 Alien Tech Used (0) 0 Bonus (323) 323 TOTAL SCORE: 9774 Bonus ------- High Alert Combat Kills 323 Cogmind --------- Core Integrity 0/700 Matter 79/300 Energy 310/310 System Corruption 18% Temperature Cool (9) Movement Walking (260) Ox2 Location -7/Factory Parts ------- > --- POWER (1) -------- Heavy Deuterium Engine > --- PROPULSION (3) --- Aluminum Leg Armored Wheel > --- UTILITY (7) ------ Improved Heat Sink Improved Cooling System Improved Signal Interpreter Advanced Targeting Computer Hacking Suite > --- WEAPON (2) ------- Particle Gun Gauss Cannon > --- INVENTORY (5) ---- Heavy Deuterium Engine Improved Heat Sink Assault Cannon Rocket Array Impact Mace Peak State ------------ > --- POWER ------------ Heavy Deuterium Engine > --- PROPULSION ------- Armored Wheel Gravmag System Gravmag System > --- UTILITY ---------- Improved Heat Sink Medium Storage Unit Improved Sensor Array Improved Signal Interpreter Advanced Targeting Computer Improved Medium Armor Plating Hacking Suite > --- WEAPON ----------- Cooled Particle Cannon Advanced Assault Cannon > --- INVENTORY -------- Heavy Deuterium Engine Aluminum Leg Small Matter Pod Kinecellerator System Shield Gauss Cannon Gauss Cannon Heavy Missile Launcher Remote Datajack Impact Mace [Rating: 47] Favorites ----------- Power Heavy Deuterium Engine Engine Heavy Deuterium Engine Power Core Nuclear Core Propulsion Armored Wheel Leg Aluminum Leg Wheel Armored Wheel Hover Unit Gravmag System Utility Medium Storage Unit Device Improved Sensor Array Storage Medium Storage Unit Processor Improved Signal Interpreter Hackware Hacking Suite Protection Improved Medium Armor Plating Weapon Advanced Assault Cannon Energy Gun Medium Laser Energy Cannon Cooled Particle Cannon Ballistic Gun Heavy Assault Rifle Ballistic Cannon Advanced Assault Cannon Launcher Improved Grenade Launcher Special Weapon Mining Laser Impact Weapon Great Maul Slashing Weapon Scythe Build | -11 -10 -9 -8 -7 -7 -7 ------- Run | Yrd Mat Mat Mat Fac Was Fac Slots Evolved 6 | . . 2 2 2 . . Power . | . . . . . . . Propulsion 1 | . . . 1 . . . Utility 5 | . . 2 1 2 . . Weapon . | . . . . . . . Parts Attached 128 | 9 8 28 32 37 2 12 Power 15 | 1 1 6 4 2 . 1 Engine 13 | 1 1 6 2 2 . 1 Core 2 | . . . 2 . . . Reactor . | . . . . . . . Propulsion 34 | 4 1 5 12 8 . 4 Treads . | . . . . . . . Leg 4 | . . . . 1 . 3 Wheel 28 | 4 1 5 12 5 . 1 Hover 2 | . . . . 2 . . Flight . | . . . . . . . Utility 41 | 2 3 6 8 17 1 4 Device 17 | 1 . 3 4 7 1 1 Storage 3 | 1 . 1 . . . 1 Processor 3 | . . . . 3 . . Hackware 5 | . . 1 2 2 . . Protection 13 | . 3 1 2 5 . 2 Artifact . | . . . . . . . Weapon 38 | 2 3 11 8 10 1 3 Energy Gun 14 | 1 1 5 4 2 . 1 Energy Cannon 3 | . . . . 3 . . Ballistic Gun 7 | 1 1 4 1 . . . Ballistic Cannon 5 | . . . . 2 1 2 Launcher 3 | . . 1 2 . . . Special Weapon 2 | . 1 . . 1 . . Impact Weapon 3 | . . 1 . 2 . . Slashing Weapon 1 | . . . 1 . . . Piercing Weapon . | . . . . . . . Special Melee Weapon . | . . . . . . . Unidentified Prototypes 6 | . . 2 1 3 . . Parts Lost 46 | . . 7 20 7 . 12 Power 5 | . . 2 3 . . . Propulsion 19 | . . 2 9 4 . 4 Utility 13 | . . 1 5 2 . 5 Weapon 9 | . . 2 3 1 . 3 Highest Loss Streak 11 | . . 2 11 2 . 6 To Critical Strikes 1 | . . . 1 . . . Average Backups 9 | 5 7 8 9 9 9 9 Power 1 | . 1 1 . . 1 1 Propulsion 1 | 3 2 1 . 1 . . Utility 2 | . 2 . 2 2 3 3 Weapon 4 | 1 2 5 4 4 4 3 Tool/Special . | . . . . . . . Unused Backups 30 | 3 5 7 1 6 . 8 Power 3 | . . 1 . 1 . 1 Propulsion 7 | 3 3 . . 1 . . Utility 6 | . 1 2 . . . 3 Weapon 12 | . . 4 1 3 . 4 Tool/Special 2 | . 1 . . 1 . . Average Slot Usage (%) 96 | . 99 97 90 98 100 93 Engine 7 | . 14 10 4 6 7 7 Leg 1 | . . . . . . 10 Wheel 20 | . 28 21 21 21 15 9 Device 14 | . . 16 21 16 15 13 Storage 8 | . 14 11 9 7 7 7 Processor 5 | . . . . 7 15 15 Hackware 8 | . . 9 10 11 7 7 Protection 6 | . 13 5 1 7 7 4 Energy Gun 6 | . 14 10 8 2 . 1 Energy Cannon 2 | . . . . 4 7 3 Ballistic Gun 4 | . 12 10 4 1 . . Ballistic Cannon 3 | . . . . 4 7 8 Peak Build Rating 47 | 7 8 20 26 47 45 43 Average Rating 29 | 5 7 15 21 39 43 38 On Entrance 20 | . 7 8 19 26 44 42 Naked Turns . | . . . . . . . Heaviest Build 48 | 13 17 25 39 47 45 48 Greatest Support 36 | 32 20 26 36 36 28 30 Greatest Overweight (x) 8 | 2 . 2 8 3 1 3 Average Overweight (x) . | . . . . . 1 1 Largest Inventory Capacity 15 | 8 8 10 10 10 10 15 Average Capacity 9 | 7 8 8 10 10 10 9 Most Carried 10 | 8 8 10 10 10 10 10 Average Carried 9 | 5 7 8 9 9 9 9 Final Capacity 10 | 8 8 10 10 10 10 5 Final Carried 10 | 8 8 10 10 10 10 5 Class Distribution -------------------- 49% | Scavenger-Mutant 27% | Mutant 23% | Hacker-Mutant Dominant Class ---------------- Mutant | -10/Materials Scavenger-Mutant | -9/Materials Scavenger-Mutant | -8/Materials Hacker-Mutant | -7/Factory Scavenger-Mutant | -7/Waste Scavenger-Mutant | -7/Factory Resources | -11 -10 -9 -8 -7 -7 -7 ----------- Run | Yrd Mat Mat Mat Fac Was Fac Matter Collected 4440 | 332 241 743 833 1582 46 663 Remotely . | . . . . . . . Salvage Created 6086 | 156 466 1575 1186 1994 . 709 Parts 361 | 15 19 111 76 112 . 28 Haulers Intercepted 11 | . 2 3 2 4 . . Recyclers Shooed 7 | . 1 2 1 3 . . Parts Field Recycled 31 | . . . 31 . . . Retrieved Matter 142 | . . . 142 . . . Parts Self-Destructed . | . . . . . . . Prevented . | . . . . . . . Kills | -11 -10 -9 -8 -7 -7 -7 ------- Run | Yrd Mat Mat Mat Fac Was Fac Combat Hostiles Destroyed 113 | . 10 25 25 30 . 23 Guns 46 | . 10 22 8 6 . . Cannons 45 | . . . . 24 . 21 AOE 22 | . . 3 17 . . 2 Classes Destroyed 15 | 3 4 4 2 2 . . Worker 16 | 2 . 3 5 5 . 1 Builder 6 | . . 1 5 . . . Tunneler 7 | 3 . . 1 1 . 2 Hauler 11 | . 2 3 2 4 . . Recycler 14 | 1 . 5 2 6 . . Operator 2 | . . 1 1 . . . Watcher 12 | . 2 4 1 5 . . Swarmer 12 | . 4 8 . . . . Grunt 63 | . 6 9 17 12 . 19 Brawler 4 | . . 1 1 2 . . Duelist 1 | . . . 1 . . . Sentry 17 | . . 7 5 4 . 1 Hunter 2 | . . . . 2 . . Programmer 13 | . . . . 10 . 3 Heavy 1 | . . . 1 . . . Best Kill Streak 11 | 4 3 11 7 4 . 9 Combat Bots Only 9 | . 3 6 5 3 . 9 Max Kills in Single Turn 3 | 1 1 3 3 1 . 2 Gunslinging . | . . . . . . . Exploded 3 | . . 3 3 . . 2 Melee . | . . . . . . . Uniques/NPCs Destroyed . | . . . . . . . Combat | -11 -10 -9 -8 -7 -7 -7 -------- Run | Yrd Mat Mat Mat Fac Was Fac Hostile Shots Fired 850 | . 37 148 143 328 . 194 Missed 291 | . 10 47 41 126 . 67 Hits 559 | . 27 101 102 202 . 127 Melee 7 | . . . 7 . . . Projectile 552 | . 27 101 95 202 . 127 Critical Strikes 23 | . . 4 9 3 . 7 Damage Taken 8007 | . 285 1311 1830 2480 . 2101 Core 1465 | . 93 249 412 347 . 364 Absorbed by Shields . | . . . . . . . Regen/Repaired (Parts) 686 | . 74 183 82 235 . 112 Core Remaining (%) 56 | 100 62 37 25 . . . Volleys Fired 527 | 14 58 124 94 158 . 79 Largest 2 | 2 2 2 2 2 . 2 Hottest 130 | 70 100 100 105 105 . 130 Shots Fired 976 | 28 104 231 161 307 1 144 Gun 541 | 28 95 218 124 67 . 9 Cannon 374 | . . . . 238 1 135 Launcher 38 | . . 1 37 . . . Special 23 | . 9 12 . 2 . . Kinetic 486 | 14 46 111 62 145 . 108 Thermal 434 | 14 58 119 48 158 1 36 Explosive 38 | . . 1 37 . . . Electromagnetic 16 | . . . 14 2 . . Robot Hit Streak 24 | 5 12 16 24 10 . 8 Robot Miss Streak 7 | 2 4 5 7 5 . 3 Penetration Max 1 | . . . . . . 1 Secondary Targets 2 | . . 2 . . . . Max Gunslinging Chain 1 | . . 1 . . . . Shots Hit Robots 582 | 17 65 146 95 176 . 83 Core Hits 292 | 7 23 62 87 78 . 35 Critical Kills 1 | . . 1 . . . . Critical Parts Destroyed 1 | . . . . 1 . . Critical Strikes 34 | . 8 9 2 5 . 10 Burn 18 | . 8 8 2 . . . Destroy 2 | . . 1 . 1 . . Blast 14 | . . . . 4 . 10 Melee Attacks 11 | . . 3 1 7 . . Impact 10 | . . 3 . 7 . . Slashing 1 | . . . 1 . . . Piercing . | . . . . . . . Sneak Attacks 1 | . . . . 1 . . Combat Hostiles . | . . . . . . . Follow-up Attacks . | . . . . . . . Damage Inflicted 14938 | 229 858 2354 3624 4612 . 3261 Guns 5354 | 229 858 2235 1238 713 . 81 Cannons 6246 | . . . . 3812 . 2434 Explosions 3251 | . . 119 2386 . . 746 Melee 80 | . . . . 80 . . Ramming 7 | . . . . 7 . . Kinetic 6170 | 92 364 1159 531 2105 . 1919 Thermal 5376 | 137 494 1076 578 2420 . 671 Explosive 3176 | . . 119 2386 . . 671 Electromagnetic 129 | . . . 129 . . . Impact 80 | . . . . 80 . . Slashing . | . . . . . . . Piercing . | . . . . . . . Highest Corruption 18 | . 3 . . 13 13 18 Average Corruption 10 | . 2 . . 8 13 16 Corruption Purged . | . . . . . . . Corruption Blocked . | . . . . . . . Effects 225 | . 11 . . 121 12 81 Message Errors 55 | . 5 . . 30 3 17 Matter Fused 51 | . 2 . . 31 1 17 Heat Flow Errors 29 | . 1 . . 18 2 8 Energy Discharges 22 | . 2 . . 7 3 10 Parts Rejected 4 | . . . . 2 . 2 Parts Fused 1 | . . . . 1 . . Data Loss (minor) 28 | . . . . 18 1 9 Data Loss (major) 4 | . . . . 3 . 1 Misfires 11 | . . . . 7 1 3 Alerts 6 | . 1 . . 1 1 3 Misdirections 4 | . . . . 2 . 2 Weapon Failures 10 | . . . . 1 . 9 Overload Shots 1 | . . . . . . 1 Overflow Damage 213 | . . . 14 32 . 167 Projectiles 96 | . . . . 32 . 64 Explosions 117 | . . . 14 . . 103 Melee . | . . . . . . . Knockbacks 29 | . . . . 10 . 19 Impact . | . . . . . . . Kinetic 27 | . . . . 10 . 17 Secondary 2 | . . . . . . 2 Self-Inflicted Damage 341 | . . 18 108 41 . 174 Shots 8 | . . 1 4 1 . 2 Rammed 1 | . . . . 1 . . Targets Rammed 1 | . . . . 1 . . Kicked . | . . . . . . . Crushed . | . . . . . . . Highest Temperature 237 | 72 224 207 110 237 166 228 Average Temperature 56 | 25 59 61 26 66 85 81 Received Heat Transfer 3072 | . 132 516 774 606 . 1044 Siege Activations . | . . . . . . . Martial Activations . | . . . . . . . Shielding Activations . | . . . . . . . Robots Disrupted . | . . . . . . . Combat Hostiles . | . . . . . . . Robots Corrupted . | . . . . . . . Combat Hostiles . | . . . . . . . Parts Fried . | . . . . . . . Impact Corruptions . | . . . . . . . Robots Melted 1 | . 1 . . . . . Combat Hostiles . | . . . . . . . Parts Melted 18 | . 7 3 2 6 . . Heat Transferred 11636 | 407 2035 3396 1443 3478 . 877 Parts Sabotaged . | . . . . . . . Parts Stolen . | . . . . . . . Parts Stripped . | . . . . . . . Power Chain Reactions . | . . . . . . . Alert | -11 -10 -9 -8 -7 -7 -7 ------- Run | Yrd Mat Mat Mat Fac Was Fac Maximum Alert Level 3 | . . 1 2 3 1 2 Low Security (%) 62 | 100 100 69 55 56 47 51 Level 1 19 | . . 30 5 21 52 18 Level 2 14 | . . . 39 15 . 29 Level 3 2 | . . . . 6 . . Level 4 . | . . . . . . . Level 5 . | . . . . . . . High Security . | . . . . . . . Max Security . | . . . . . . . Peak Influence 784 | 10 88 386 624 784 274 540 Initial 274 | . . 13 161 267 274 86 Average 190 | 1 29 138 289 220 201 226 Influence Increases 4679 | 30 385 944 1115 1282 . 923 Destroy 0b10 Robot/C 2260 | . 200 500 500 600 . 460 Destroy 0b10 Robot/NC 340 | 30 20 85 85 105 . 15 Destroy Leader 636 | . 38 144 126 228 . 100 Successful Hack 229 | . 44 66 37 60 . 22 Disable Machine 375 | . . 15 90 90 . 180 Destroy Structure 389 | . 8 14 187 64 . 116 Partial Spotted 45 | . 15 30 . . . . Lose Combat Pursuer 405 | . 60 90 90 135 . 30 Influence Decreases 4198 | 30 353 594 908 1087 660 566 Entered New Map 1110 | . . 19 221 322 510 38 Time Decay 2641 | 30 353 515 487 698 150 408 Lost Part 437 | . . 60 190 67 . 120 Lost Ally 10 | . . . 10 . . . Squads Dispatched 34 | . 1 3 6 16 . 8 Investigation 3 | . . . . 2 . 1 Extermination 11 | . . . . 9 . 2 Reinforcement 18 | . 1 3 6 4 . 4 Assault 1 | . . . . . . 1 Garrison 1 | . . . . 1 . . Intercept . | . . . . . . . Searches Triggered . | . . . . . . . Construction Impeded 5 | . . . 3 1 . 1 Haulers Reinforced 2 | . . . . . . 2 Active Scanning Responses . | . . . . . . . Cargo Convoy Interrupts . | . . . . . . . Stealth | -11 -10 -9 -8 -7 -7 -7 --------- Run | Yrd Mat Mat Mat Fac Was Fac Distress Signals 9 | . . 4 4 1 . . Communications Jammed . | . . . . . . . Distress Signals . | . . . . . . . Times Spotted 190 | . 19 42 48 54 . 27 Peak Tracking Total 9 | . 5 8 5 4 . 9 Tactical Retreats 16 | . 2 4 4 4 . 2 Traps | -11 -10 -9 -8 -7 -7 -7 ------- Run | Yrd Mat Mat Mat Fac Was Fac Traps Triggered 7 | . 2 . . 4 . 1 Indirectly . | . . . . . . . Trap Hack Attempts . | . . . . . . . Triggered . | . . . . . . . Disarmed . | . . . . . . . Reprogrammed . | . . . . . . . Reused . | . . . . . . . Traps Extracted . | . . . . . . . Installed . | . . . . . . . Triggered . | . . . . . . . Machines | -11 -10 -9 -8 -7 -7 -7 ---------- Run | Yrd Mat Mat Mat Fac Was Fac Machines Disabled 26 | . . 2 6 6 . 12 Max in Single Turn 7 | . . 1 1 2 . 7 Garrison Access 2 | . . . . 1 . 1 Machines Repaired . | . . . . . . . Machines Dismantled . | . . . . . . . Machines Sabotaged . | . . . . . . . Overloaded Fab Kills . | . . . . . . . Hacking | -11 -10 -9 -8 -7 -7 -7 --------- Run | Yrd Mat Mat Mat Fac Was Fac Machines Accessed 55 | . 11 13 6 19 . 6 Terminals 29 | . 8 7 5 7 . 2 Fabricators 3 | . . . . 3 . . Repair Stations 8 | . 1 2 1 3 . 1 Recycling Units 10 | . 2 2 . 4 . 2 Scanalyzers 3 | . . 2 . 1 . . Garrison Access 2 | . . . . 1 . 1 Total Hacks 196 | . 35 54 20 72 . 15 Successful 105 | . 19 38 9 35 . 4 Failed 91 | . 16 16 11 37 . 11 Catastrophic 13 | . 1 4 1 5 . 2 Database Lockouts . | . . . . . . . Manual 98 | . 22 30 13 25 . 8 Terminals 104 | . 27 33 17 22 . 5 Fabricators 7 | . . . . 7 . . Repair Stations 43 | . 4 8 3 25 . 3 Recycling Units 29 | . 4 7 . 13 . 5 Scanalyzers 9 | . . 6 . 3 . . Garrison Access 4 | . . . . 2 . 2 Terminal Hacks 35 | . 8 18 5 4 . . Record 1 | . . . 1 . . . Part Schematic 8 | . . 8 . . . . Robot Analysis 8 | . 4 3 . 1 . . Prototype ID Bank 3 | . 1 1 1 . . . Branch Access Points 1 | . . 1 . . . . Terminal Index 5 | . 1 2 1 1 . . Locate Traps 6 | . 1 2 1 2 . . Maintenance Status 1 | . 1 . . . . . Patrol Status 1 | . . . 1 . . . Investigation Status 1 | . . 1 . . . . Fabricator Hacks 3 | . . . . 3 . . Network Status 3 | . . . . 3 . . Repair Station Hacks 29 | . 4 6 2 15 . 2 Scan Component 16 | . 2 3 1 9 . 1 Repair 13 | . 2 3 1 6 . 1 Recycling Unit Hacks 7 | . 1 2 . 3 . 1 Report Inventory 7 | . 1 2 . 3 . 1 Scanalyzer 8 | . . 5 . 3 . . Insert Component 5 | . . 3 . 2 . . Analyze 3 | . . 2 . 1 . . Garrison Access Hacks 2 | . . . . 1 . 1 Seal Access 2 | . . . . 1 . 1 Unauthorized Hacks 21 | . 6 7 2 6 . . Terminals 13 | . 4 4 2 3 . . Assimilate 1 | . . . 1 . . . Botnet 8 | . 3 3 . 2 . . Operators 4 | . 1 1 1 1 . . Fabricators . | . . . . . . . Repair Stations . | . . . . . . . Recycling Units 7 | . 2 2 . 3 . . Reject 7 | . 2 2 . 3 . . Scanalyzers 1 | . . 1 . . . . Researchers 1 | . . 1 . . . . Garrison Access . | . . . . . . . Data Cores Recovered . | . . . . . . . Used . | . . . . . . . Hacking Detections 48 | . 10 12 5 16 . 5 Full Trace Events 2 | . . . . 1 . 1 Feedback Events . | . . . . . . . Feedback Blocked . | . . . . . . . Robot Schematics Acquired . | . . . . . . . Robots Built . | . . . . . . . Authchips . | . . . . . . . Time . | . . . . . . . Total Robot Build Rating . | . . . . . . . Part Schematics Acquired 9 | . . 8 . 1 . . Parts Built . | . . . . . . . Authchips . | . . . . . . . Time . | . . . . . . . Total Part Build Rating . | . . . . . . . Parts Repaired 12 | . 2 3 1 5 . 1 Time 446 | . 64 86 32 229 . 35 Parts Recycled . | . . . . . . . Recycled Matter . | . . . . . . . Retrieved Matter . | . . . . . . . Retrieved Components . | . . . . . . . Parts Scanalyzed 3 | . . 2 . 1 . . Part Schematics Acquired 3 | . . 2 . 1 . . Parts Damaged . | . . . . . . . Bothacking | -11 -10 -9 -8 -7 -7 -7 ------------ Run | Yrd Mat Mat Mat Fac Was Fac Used RIF Installer . | . . . . . . . Robots Hacked 2 | . . . . 2 . . Non-combat 2 | . . . . 2 . . Combat . | . . . . . . . Robot Hacks Applied 2 | . . . . 2 . . no_distress 2 | . . . . 2 . . Relay Couplers Released . | . . . . . . . Fabnet Peak Effective % . | . . . . . . . Robots Rewired . | . . . . . . . Allies Hacked . | . . . . . . . Hacks Repelled . | . . . . . . . Allies | -11 -10 -9 -8 -7 -7 -7 -------- Run | Yrd Mat Mat Mat Fac Was Fac Total Allies 1 | . . . 1 . . . Largest Group 1 | . . . 1 . . . Highest-Rated Group 26 | . . . 26 . . . Highest-Rated Ally 26 | . . . 26 . . . Total Orders 2 | . . . 2 . . . STAY 1 | . . . 1 . . . ROAM 1 | . . . 1 . . . Ally Attacks . | . . . . . . . Total Damage . | . . . . . . . Kills . | . . . . . . . Allies Corrupted . | . . . . . . . Allies Melted . | . . . . . . . Intel | -11 -10 -9 -8 -7 -7 -7 ------- Run | Yrd Mat Mat Mat Fac Was Fac Active Infowar (turns) 8773 | 86 8 1983 1143 4594 307 652 Sensors 8679 | . . 1983 1143 4594 307 652 Seismic 94 | 86 8 . . . . . Robot Analysis Total 8 | . 4 3 . 1 . . Derelict Logs Recovered . | . . . . . . . Drone Launches . | . . . . . . . Drone Recoveries . | . . . . . . . Exploration | -11 -10 -9 -8 -7 -7 -7 ------------- Run | Yrd Mat Mat Mat Fac Was Fac Turns Passed 11615 | 172 1131 2341 1321 4690 307 1653 Spaces Moved 8306 | 109 984 1713 924 3422 271 883 Core 23 | 17 . . 6 . . . Treads . | . . . . . . . Legs 304 | . . . . . . 304 Wheels 7882 | 92 984 1713 918 3325 271 579 Hover 97 | . . . . 97 . . Flight . | . . . . . . . Fastest Speed 50 | 50 80 80 86 90 110 110 Average Speed 101 | 95 80 89 96 104 110 143 Slowest Speed 450 | 150 80 110 450 181 110 260 Overloaded Moves . | . . . . . . . Propulsion Burnouts . | . . . . . . . Robots Hopped . | . . . . . . . Potential Cave-ins . | . . . . . . . Cave-ins Triggered . | . . . . . . . Exploration Rate (%) 59 | 6 99 88 50 62 94 20 Regions Visited 6 Branch Regions . Pre-discovered Areas . | . . . . . . . Known Exits Taken . | . . . . . . . Unknown Exits Taken 4 | 1 1 1 1 . . . Scrap Searched . | . . . . . . . Spaces Dug 13 | . 3 2 . 8 . . Terrain Destroyed 442 | . 9 8 230 51 . 144 Melee 7 | . . 1 . 6 . . Projectile 72 | . 9 4 . 24 . 35 AOE 363 | . . 3 230 21 . 109 Terrain Rammed . | . . . . . . . Walls Destroyed . | . . . . . . . Machines Disabled . | . . . . . . . Actions | -11 -10 -9 -8 -7 -7 -7 --------- Run | Yrd Mat Mat Mat Fac Was Fac Total 10433 | 147 1210 2268 1184 4221 280 1123 Wait 1227 | . 141 341 92 524 . 129 Move 8301 | 108 983 1712 923 3422 270 883 Hop . | . . . . . . . Pick Up 78 | 11 8 18 15 17 1 8 Fast Attach 80 | 7 1 12 20 29 3 8 Attach 36 | . 1 8 11 8 1 7 Detach 13 | . . . 4 8 . 1 Swap 59 | 2 7 23 10 15 . 2 Drop 99 | 5 11 27 14 32 4 6 Fire 527 | 14 58 124 94 158 . 79 Melee 11 | . . 3 1 7 . . Ram 1 | . . . . 1 . . Kick . | . . . . . . . Crush . | . . . . . . . Escape Stasis . | . . . . . . . Rewire 1 | . . . . . 1 . Trap . | . . . . . . . Miscellaneous . | . . . . . . . Route ------- -11/Scrapyard -10/Materials (discovered 5 exits: *Mat x3 / [*Min] / [*Sub]) -9/Materials (discovered 4 exits: *Mat x3 / *Min) -8/Materials (discovered 2 exits: *Fac x2) -7/Factory (discovered 4 exits: *Fac x2 / *Low x2) -7/Waste -7/Factory (discovered 2 exits: *Fac / *Low) History --------- Turn | Location | Event 23 | -11/Scrapyard | Discovered new exit (range 16) 173 | -11/Scrapyard | Entered Materials 300 | -10/Materials | Build established: Mutant 378 | -10/Materials | Discovered new exit (range 12) 615 | -10/Materials | Repaired Assault Rifle 654 | -10/Materials | Repaired Imp. Heat Sink 672 | -10/Materials | Discovered new exit (range 5) 865 | -10/Materials | Discovered new exit (range 13) 941 | -10/Materials | Discovered new exit (range 12) 1223 | -10/Materials | Discovered new exit (range 13) 1304 | -10/Materials | Entered another Materials area 1304 | -9/Materials | Evolved 2 slots: Utility x2 1678 | -9/Materials | Discovered new exit (range 8) 1990 | -9/Materials | Discovered new exit (range 5) 2008 | -9/Materials | Build established: Scavenger-Mutant 2284 | -9/Materials | Discovered new exit (range 16) 2309 | -9/Materials | Repaired Hvy. Assault Rifle 2553 | -9/Materials | Repaired Hvy. Assault Rifle 2593 | -9/Materials | Repaired Imp. Sensor Array 2917 | -9/Materials | Discovered new exit (range 9) 2963 | -9/Materials | Core integrity fell below 50% 3026 | -9/Materials | Identified exit to Mines 3645 | -9/Materials | Entered another Materials area 3645 | -8/Materials | Evolved 2 slots: Propulsion x1, Utility x1 3777 | -8/Materials | Discovered new exit (range 5) 3972 | -8/Materials | Lost 11 parts (1p4n3u3w) 4108 | -8/Materials | Repaired Hvy. Assault Rifle 4350 | -8/Materials | Core integrity fell below 50% 4468 | -8/Materials | Discovered new exit (range 15) 4966 | -8/Materials | Entered Factory 4966 | -7/Factory | Evolved 2 slots: Utility x2 5245 | -7/Factory | Discovered new exit (range 8) 5253 | -7/Factory | Identified exit to Lower Caves 5552 | -7/Factory | Repaired Imp. Sensor Array 5593 | -7/Factory | Repaired Nuclear Core 5683 | -7/Factory | Build established: Hacker-Mutant 6132 | -7/Factory | Garrison activated, responded to threat 6145 | -7/Factory | Build established: Mutant 6198 | -7/Factory | Discovered exit to Lower Caves (range 10) 6540 | -7/Factory | Repaired Arm. Wheel 6594 | -7/Factory | Repaired Broken Imp. Sensor Array 6628 | -7/Factory | Repaired Arm. Wheel 6877 | -7/Factory | Discovered new exit (range 10) 6884 | -7/Factory | Identified exit to Factory 7180 | -7/Factory | Build established: Hacker-Mutant 8386 | -7/Factory | System corruption reached 10% 8667 | -7/Factory | Discovered exit to Factory (range 15) 9359 | -7/Factory | Build established: Mutant 9656 | -7/Factory | Sucked down chute 9656 | -7/Factory | Entered Waste 9656 | -7/Waste | The area was eerily silent 9674 | -7/Waste | Build established: Scavenger-Mutant 9887 | -7/Waste | Discovered new exit (range 16) 9962 | -7/Waste | Identified exit to Factory 9963 | -7/Waste | Entered Factory 10009 | -7/Factory | Repaired Hvy. Deuterium Engine 10409 | -7/Factory | Found Prototype Launcher 10610 | -7/Factory | Core integrity fell below 50% 10817 | -7/Factory | Lost 6 parts (2n2u2w) 10836 | -7/Factory | Destroyed 9 combat bots 10966 | -7/Factory | Discovered exit to Lower Caves (range 15) 10967 | -7/Factory | Core integrity fell below 20% 11208 | -7/Factory | Discovered exit to Factory (range 11) 11563 | -7/Factory | First assault squad dispatched 11616 | -7/Factory | Destroyed by G-47 Trooper with Particle Gun Last Messages --------------- 11546_ Acquired 6 matter. 11555_ System corrupted: Gauss Cannon jammed. 11558_ G-47 Trooper knocked back. 11560_ System corrupted: Component data lost. 11563_ ALERT: Unidentified disturbance in Zone 8C, assault force dispatched. 11568_ G-47 Trooper destroyed. 11569_ K-01 Serf collects debris. 11577_ Acquired 17 matter. 11578_ K-01 Serf collects debris. 11582_ K-01 Serf cleans the Terminal. 11590_ System corrupted: Energy discharge (-96). 11594_ K-01 Serf cleans the Terminal. 11606_ System corrupted: Matter fused (-9). 11606_ R-06 Scavenger collects Particle Gun. 11608_ Med. Storage Unit destroyed. 11611_ G-47 Trooper knocked back. 11614_ Aluminum Leg destroyed. 11615_ R-06 Scavenger collects Imp. Light Armor Plating. Map ----- +----------------------------------------------------+ | ?????????????????????????????????????????????????? | | ?????????????????????????????????????????????????? | | ???????????????????????????????????????##????????? | | ??????????????????????????????????????? ???????? | | ??####+####?##########????????????????? ???????? | | ??# [ #? ????????????# """" """"?????? | | ### # ??????????????# """" """" #### | | "T # """" ??????########## """" """" # | | "" + """" ??????# ! # """" """" # | | # """" ??????# # ?# " | | ### # """" ??????# """# """" ?# " | | ??# #? ??????# """# """ """" ?# " | | ??### ###? ?????# """# "Y """" # | | ????# #???? ????# ""# """ """" # | | ????# #???? " "???# ""# # " | | ##??# #????? ""G"???# ####+######### | | *?## ##???? ????# # ######### | | # ###########????#######+## | | " # "T # ####### | | " + "" # + | | " # # ###### | | " # ! # #????# | | ?### #####+#######????# ###+##### | | ???# #?# ########## t # | | #????#%### ""% k u # | | ?????#% %% T u r r *@ # | | ?????# ### g % ]| # | | ?????# #?# | ########## # | | ????? #?### ###????????######## # | | ????####???# #?????????????????# # | | ??????######/#######???????????# # | | ??????# #???????????# ######### | | ??????# "" #???????????# ????????? | | ??????#""" #???????????? ????????? | | ??????#"R """" #???????????? ?????????????? | | ??????#""" """" #?????????????????????????????? | | ??????#""" """" #?????????????????????????????? | | ??????# """" #?????????????????????????????? | | ??????# """"? #?????????????????????????????? | | ??????+ """?????????????????????????????????? | | ??????# ??????????????????????????????????? | | ??????# ! ???????????????????????????????????? | | ??????# ???????????????????????????????????? | | ??????########???????????????????????????????????? | | ?????????????????????????????????????????????????? | | ?????????????????????????????????????????????????? | | ?????????????????????????????????????????????????? | | ?????????????????????????????????????????????????? | | ?????????????????????????????????????????????????? | | ?????????????????????????????????????????????????? | +----------------------------------------------------+ Best States ------------- Heat Dissipation 75 Energy Generation 18 Energy Capacity 310 Matter Stores 300 Matter Capacity 300 Sight Range 16 Robot Scan Range 15 Terrain Scan Density 10 Armor Coverage 305 Evasion (%) 44 Targeting Accuracy 8 Energy Filtering 30 Kinecelleration 30 Offensive Hacking 10 Defensive Hacking 20 Item Schematics ----------------- Med. Laser | -9/Materials | Scanalyzed Propulsion Shielding | -9/Materials | Hacked Arm. Wheel | -9/Materials | Hacked ECM Suite | -9/Materials | Hacked Med. Armor Plating | -9/Materials | Hacked Power Shielding | -9/Materials | Hacked Signal Interpreter | -9/Materials | Hacked Beam Rifle | -9/Materials | Scanalyzed Gauss Cannon | -7/Factory | Scanalyzed Robot Schematics ------------------ None Fabricated ------------ Nothing Repaired ---------- Assault Rifle | 43% | -10/Materials Imp. Heat Sink | 57% | -10/Materials Hvy. Assault Rifle | 27% | -9/Materials Hvy. Assault Rifle | 25% | -9/Materials Imp. Sensor Array | 36% | -9/Materials Hvy. Assault Rifle | 28% | -8/Materials Imp. Sensor Array | 13% | -7/Factory Nuclear Core | 2% | -7/Factory Arm. Wheel | 20% | -7/Factory Imp. Sensor Array | 27% | -7/Factory | Broken Arm. Wheel | 53% | -7/Factory Hvy. Deuterium Engine | 6% | -7/Factory Alien Tech Used ----------------- None Achievements -------------- None Challenges ------------ None Game ------ Seed GravityScatterSpecial Manual? 0 Play Time 01:55:16 Cumulative 236.8 hours Start 2025.06.25 @ 23:28:42 End 2025.06.27 @ 03:34:31 Sessions 3 Manual Loads 0 Difficulty Rogue Special Mode None Game No. 227 Rogue 227 Adventurer 0 Explorer 0 Win Type - Total 1 Types 1/0/0/0/0/0/0/0/0/0 Lore% 61 Gallery% 60 Achievement% 47 Wizard Run 0 Options --------- Layout 2 ASCII 1 Keyboard 1 Movement Numpad Keybinds 0 Fullscreen 2 Font 32/TamsynBold Map View 50x44 Zoom Use 0% Tactical HUD 1 Map Filters NONE Filters NONE Steam 1 RUN: 7c36bc04-65c9-4dd9-80e0-49e887a59e50